 Dungeon Crawl Stone Soup version 0.30-a0-359-gd0147acb1a (webtiles) character file.

Game seed: 7580992579297172203

102 Darkkill the Shooter (level 4, 0/38 HPs)
             Began as a Minotaur Hunter on Nov 11, 2022.
             Slain by a quokka (2 damage)
             ... on level 3 of the Dungeon.
             The game lasted 00:02:27 (1708 turns).

Darkkill the Shooter (Minotaur Hunter)              Turns: 1708, Time: 00:02:28

Health: 0/38       AC:  5    Str: 16    XL:     4   Next: 50%
Magic:  3/3        EV: 12    Int:  6    God:
Gold:   1295       SH:  0    Dex: 15    Spells: 3/3 levels left

rFire   . . .      SeeInvis .    a - +0 shortbow
rCold   . . .      Faith    .    (shield currently unavailable)
rNeg    . . .      Spirit   .    c - +0 leather armour
rPois   .          Reflect  .    (helmet restricted)
rElec   .          Harm     .    (no cloak)
rCorr   .          Rampage  .    f - +1 pair of gloves
Will    .....                    (no boots)
Stlth   ++........               (no amulet)
HPRegen 0.26/turn                (no ring)
MPRegen 0.08/turn                (no ring)

@: no status effects
A: horns 2, retaliatory headbutt
a: no special abilities


You were on level 3 of the Dungeon.
You visited 1 branch of the dungeon, and saw 3 of its levels.

You collected 1295 gold pieces.

Inventory:

Hand Weapons
 a - a +0 shortbow (weapon)
Missiles
 g - 29 stones
 k - 7 poisoned darts
Armour
 c - a +0 leather armour (worn)
 f - a +1 pair of gloves (worn)
Jewellery
 l - a +6 ring of intelligence
Scrolls
 b - 4 scrolls of immolation
 h - a scroll of poison {unknown}
 i - a scroll of magic mapping
 j - a scroll of enchant weapon {unknown}
 m - a scroll of fog {unknown}
Potions
 d - a potion of resistance {unknown}
 e - 3 potions of lignification
 n - a potion of mutation {unknown}


   Skills:
 + Level 3.5 Fighting
 + Level 5.0 Ranged Weapons
 + Level 3.2 Dodging
 + Level 2.0 Stealth


You had 3 spell levels left.
You didn't know any spells.
Your spell library was empty.

Dungeon Overview and Level Annotations

Branches:
Dungeon (3/15)

Altars:
Vehumet
Wu Jian

Annotations:
D:3 Grinder


Innate Abilities, Weirdness & Mutations

You have a pair of horns on your head.
You reflexively headbutt those who attack you in melee.


Message History

You shoot an arrow. The arrow hits the kobold.
You kill the kobold!
No target in view!
k - 7 poisoned darts (gained 2) No target in view!
Found a stone staircase leading up.
No target in view!
g - 29 stones (gained 4)
You see here a +0 short sword.
You now have 1258 gold pieces (gained 5).
Found a stone staircase leading down.
You now have 1269 gold pieces (gained 11).
A kobold comes into view. It is wielding a +0 short sword.
You shoot an arrow. The arrow hits the kobold.
You kill the kobold!
j - a scroll labelled ANYOTSUVERR No target in view!
No target in view!
l - a +6 ring of intelligence You now have 1274 gold pieces (gained 5).
Found a radiant altar of Vehumet.
No target in view!
You now have 1283 gold pieces (gained 9).
A bat comes into view.
The bat moves out of view.
You now have 1288 gold pieces (gained 5).
No target in view!
You shoot an arrow. The arrow hits the bat!
You kill the bat!
m - a scroll labelled DOMPAR VUMPICI No target in view!
b - 4 scrolls of immolation (gained 2)
You now have 1295 gold pieces (gained 7).
n - a bubbling orange potion No target in view!
No target in view!
o - a scroll of identify {@r1} Grinder comes into view.
Grinder shouts!
Grinder blinks!
You shoot an arrow. The arrow hits Grinder.
Grinder is lightly wounded.
Grinder gestures at you. Pain shoots through your body!
You shoot an arrow. The arrow hits Grinder.
Grinder is lightly wounded.
A worm comes into view.
You shoot an arrow. The arrow barely misses Grinder.
Grinder barely misses you. You furiously retaliate!
You headbutt Grinder. You shoot an arrow.
The arrow hits Grinder but does no damage.
Grinder is lightly wounded.
A quokka comes into view.
Grinder blinks!
You shoot an arrow. The arrow hits Grinder.
Grinder is moderately wounded.
Grinder completely misses you. You furiously retaliate!
You headbutt Grinder. You shoot an arrow. The arrow hits Grinder!
Grinder is heavily wounded.
Grinder hits you but does no damage.
You shoot an arrow. The arrow hits Grinder.
Grinder is heavily wounded.
Grinder hits you but does no damage.
You shoot an arrow.
The arrow hits Grinder but does no damage.
Grinder is heavily wounded.
Grinder closely misses you.
The quokka bites you but does no damage.
Grinder hits you but does no damage.
You shoot an arrow. The arrow hits Grinder!
Grinder is almost dead.
The quokka closely misses you. You furiously retaliate!
You headbutt the quokka. Grinder gestures at you.
Pain shoots through your body! The quokka barely misses you.
You are too injured to fight recklessly!
You shoot an arrow. The arrow closely misses the quokka.
The quokka twitches its whiskers.
The quokka bites you. Grinder hits you!
You writhe in agony.
* * * LOW HITPOINT WARNING * * *
The quokka closely misses you.
Grinder blinks!
The quokka bites you but does no damage. x2
The quokka bites you.
* * * LOW HITPOINT WARNING * * *
The worm barely misses you. The quokka attacks as you move away!
The quokka bites you.
* * * LOW HITPOINT WARNING * * *
You shoot an arrow. The arrow barely misses Grinder.
The arrow misses the quokka.
Grinder closely misses you. The worm closely misses you. The quokka bites you.
* * * LOW HITPOINT WARNING * * *
Unknown command.
As you read the scroll of identify {@r1}, it crumbles to dust.
e - 3 potions of lignification Grinder hits you.
* * * LOW HITPOINT WARNING * * *
You writhe in agony.
* * * LOW HITPOINT WARNING * * *
The quokka bites you.
You die...

.# #.......#.##..........
.# #.......#.##..........#
## #.......#.##..........#
#.......#.##..........#
####.......#.##...........
.....#######.##...........
.....# #.............#
.....# #.....w.......#
....## #....@5.######
....# #.....r.#
############.#######
####......##.#
..........##.#######
####................
######.###..........
....................
....................


You could see Grinder, a worm and a quokka.

Vanquished Creatures
  Jessica (D:2)
  A gnoll (D:1)
  An adder (D:2)
  3 ball pythons
  4 bats
  4 endoplasms
  A giant cockroach (D:3)
  4 goblins (D:2)
  7 hobgoblins
  5 jackals (D:1)
  8 quokkas
  A frilled lizard (D:2)
  5 kobolds
  5 rats
50 creatures vanquished.

Notes
Turn   | Place    | Note
-------+----------+-------------------------------------------
     0 | D:1      | Darkkill the Minotaur Hunter began the quest for the Orb.
     0 | D:1      | Reached XP level 1. HP: 18/18 MP: 0/0
    68 | D:1      | Reached skill level 1 in Stealth
    68 | D:1      | Reached XP level 2. HP: 25/25 MP: 1/1
   457 | D:1      | Reached XP level 3. HP: 31/31 MP: 2/2
   955 | D:2      | Noticed Jessica
   957 | D:2      | Killed Jessica
   983 | D:2      | Found an ornate altar of the Wu Jian Council.
   990 | D:2      | Reached XP level 4. HP: 38/38 MP: 3/3
  1074 | D:2      | Found a faded altar of an unknown god.
  1302 | D:2      | Reached skill level 5 in Ranged Weapons
  1487 | D:2      | Identified a scroll of acquirement
  1487 | D:2      | Acquired 1112 gold pieces
  1610 | D:3      | Found a radiant altar of Vehumet.
  1692 | D:3      | Noticed Grinder
  1707 | D:3      | HP: 7/38 [quokka (2)]
  1708 | D:3      | HP: 2/38 [Grinder (3)]
  1708 | D:3      | Slain by a quokka

Illustrated notes

Levels and vault maps discovered:
D:1:      evilmike_arrival_hilbert_curve, layout_basic
D:2:      layout_loops_ring, shapermc_ecumenical_altar_mp_vishouse, basic_altar,
          uniq_jessica
D:3:      layout_basic, vehumet_crystals, minmay_close_crescents, uniq_grinder

Skill      XL: |  1  2  3  4 |
---------------+-------------+-----
Stealth        | 1 2 |  2.0
Fighting       | 3 |  3.5
Dodging        | 3 |  3.2
Ranged Weapons | 5 |  5.0

Action                   |  1- 3 |  4- 6 || total
-------------------------+-------+-------++-------
 Fire: Shortbow          |    79 |    61 ||   140
  Use: Scroll            |     4 |     3 ||     7
Armor: Leather armour    |     5 |    14 ||    19
Dodge: Dodged            |    24 |    21 ||    45

Table legend: (Time is in decaauts)
 A = Elapsed time spent in this place.
 B = Non-inter-level travel time spent in this place.
 C = Inter-level travel time spent in this place.
 D = Time resting spent in this place.
 E = Time spent auto-exploring this place.
 F = Levels seen in this place.
 G = Mean time per level.
                   A        B        C        D        E       F      G
               +--------+--------+--------+--------+--------+-----+--------+
         Total |   1748 |   1686 |     62 |     51 |   1349 |   3 |  582.7 |
       Dungeon |   1748 |   1686 |     62 |     51 |   1349 |   3 |  582.7 |
               +--------+--------+--------+--------+--------+-----+--------+

Top non-repeatable levels by time:
     D:1: 864 daAuts
     D:2: 687 daAuts
     D:3: 196 daAuts

Table legend:
 A = Kills in this place as a percentage of kills in entire the game.
 B = Kills by you in this place as a percentage of kills by you in the entire game.
 C = Kills by friends in this place as a percentage of kills by friends in the entire game.
 D = Other kills in this place as a percentage of other kills in the entire game.
 E = Experience gained in this place as a percentage of experience gained in the entire game.
 F = Experience gained in this place divided by the number of levels of this place that you have seen.
                   A       B       C       D       E      F
               +-------+-------+-------+-------+-------+----------------------
         Total | 100.0 | 100.0 |   N/A |   N/A | 100.0 |  49.0
       Dungeon | 100.0 | 100.0 |   N/A |   N/A | 100.0 |  49.0
               +-------+-------+-------+-------+-------+----------------------
